 Dungeon Crawl Stone Soup version 0.26-a0-259-g1effd001a9 (webtiles) character file.

Game seed: 2406941465931006315

63 HoaS the Ruffian (level 4, 0/27 HPs)
             Began as a Gargoyle Gladiator on July 19, 2020.
             Slain by a goblin
             ... wielding a +0 dagger
             ... led by Robin
              (1 damage)
             ... on level 3 of the Dungeon.
             The game lasted 00:03:58 (1318 turns).

HoaS the Ruffian (Gargoyle Gladiator)               Turns: 1318, Time: 00:03:59

Health: 0/27       AC: 13    Str: 17    XL:     4   Next: 10%
Magic:  4/4        EV:  7    Int:  9    God:
Gold:   47         SH:  0    Dex: 12    Spells: 3/3 levels left

rFire    . . .     SeeInvis .     - Unarmed
rCold    . . .     Faith    .   (no shield)
rNeg     + . .     Spirit   .   i - +0 chain mail
rPois    ∞         Reflect  .   b - +0 helmet
rElec    +         Harm     .   (no cloak)
rCorr    .                      (no gloves)
MR       .....                  k - +0 pair of boots
Stlth    ..........             (no amulet)
HPRegen  0.09/turn              (no ring)
MPRegen  0.09/turn              (no ring)

@: no status effects
A: negative energy resistance 1, electricity resistance, unbreathing,
petrification resistance, rot immunity, AC +3
a: no special abilities


You were on level 3 of the Dungeon.
You were not hungry.

You visited 1 branch of the dungeon, and saw 3 of its levels.

You collected 47 gold pieces.

Inventory:

Missiles
 c - 3 throwing nets (quivered)
Armour
 b - a +0 helmet (worn)
 i - a +0 chain mail (worn)
 k - a +0 pair of boots (worn)
Scrolls
 a - a scroll of teleportation
 f - a scroll of remove curse
 j - a scroll of identify
Potions
 e - a potion of mutation
 g - a potion of resistance
 h - a potion of lignification {unknown}
 l - a potion of invisibility {unknown}
 m - a potion of degeneration {unknown}
Comestibles
 d - 9 rations


   Skills:
 - Level 2.5 Fighting
 - Level 1.7 Throwing
 - Level 2.4 Dodging
 + Level 4.7 Unarmed Combat


You had 3 spell levels left.
You didn't know any spells.
Your spell library was empty.

Dungeon Overview and Level Annotations

Branches:
Dungeon (3/15)

Altars:
Dithmenos
Hepliaklqana

Annotations:
D:3 Robin


Innate Abilities, Weirdness & Mutations

You are resistant to torment.
Your stone body is resilient. (AC +3)
You are immune to poison.
You resist negative energy. (rN+)
You are resistant to electric shocks. (rElec)
You can survive without breathing.
You are immune to petrification.
You are immune to rotting.


Message History

* * * LOW HITPOINT WARNING * * *
The goblin hits you but does no damage.
The goblin no longer looks unusually strong.
Robin throws the goblin at you!
The goblin unwields a +2 dagger of electrocution.
It stops crackling.
The goblin wields a +0 hunting sling.
The goblin shoots a stone.
The stone barely misses you.
The stone hits the goblin.
The goblin hits you but does no damage. The goblin hits you with a +0 dagger.
* * * LOW HITPOINT WARNING * * *
Items here: ( ))) † a +0 club; a +0 dagger; a +0 club; a stone; a goblin corpse You punch the goblin!
You kill the goblin!
Robin throws the goblin at you!
The goblin hits you but does no damage. x2
You hit the goblin but do no damage. The giant cockroach bites you.
* * * LOW HITPOINT WARNING * * *
You miss the goblin. The goblin closely misses you.
The goblin hits you with a +0 dagger.
You die...

###### ..
#...<# ....
#.##g#
.....#.##@#
.......(sg#
........gg#
.........##
.........#
.....#....
....#######
####


You could see Robin, a giant cockroach and 3 goblins.

Vanquished Creatures
  2 worms (D:2)
  A dart slug (D:2)
  An orc (D:2)
  A ball python (D:1)
  A giant cockroach (D:2)
  12 goblins
  6 hobgoblins
  3 jackals (D:1)
  9 bats
  2 frilled lizards
  6 kobolds
  5 rats
49 creatures vanquished.

Notes
Turn   | Place    | Note
-------+----------+-------------------------------------------
     0 | D:1      | HoaS the Gargoyle Gladiator began the quest for the Orb.
     0 | D:1      | Reached XP level 1. HP: 12/12 MP: 1/1
   107 | D:1      | Reached XP level 2. HP: 18/18 MP: 2/2
   420 | D:1      | Reached XP level 3. HP: 22/22 MP: 3/3
   433 | D:1      | Reached skill level 4 in Unarmed Combat
   692 | D:2      | Found a shadowy altar of Dithmenos.
   692 | D:2      | Noticed a shadow
   693 | D:2      | Found a hazy altar of Hepliaklqana.
  1293 | D:3      | Noticed Robin
  1303 | D:3      | Reached XP level 4. HP: 16/27 MP: 4/4
  1317 | D:3      | HP: 1/27 [giant cockroach (1)]
  1318 | D:3      | Slain by a goblin

Illustrated notes

Levels and vault maps discovered:
D:1:      ncdulo_smallfort, layout_rooms
D:2:      layout_loops_ring, riverfiend_overflow_shadow_ancestor, first_ration
D:3:      cheibrodos_fertilizer, layout_basic, uniq_crazy_yiuf_cottage,
          uniq_robin

Skill      XL: |  1  2  3 |
---------------+----------+-----
Unarmed Combat | 4 |  4.7
Fighting       | |  2.5
Throwing       | |  1.7
Dodging        | |  2.4

Action                   |  1- 3 |  4- 6 || total
-------------------------+-------+-------++-------
Melee: Unarmed           |   162 |    13 ||   175
       Punch             |     4 |       ||     4
  Use: Scroll            |     8 |       ||     8
  Eat: Ration            |     1 |       ||     1
Armor: Chain mail        |    99 |    21 ||   120
       Ring mail         |     2 |       ||     2
Dodge: Dodged            |    52 |    13 ||    65

Table legend:
 A = Non-vault XP
 B = Vault XP
 C = Vault XP percentage of total XP
 D = Non-vault monster count
 E = Vault monster count
 F = Vault count percentage of total count
                 A         B        C        D         E       F
            +---------+---------+-------+---------+---------+-------
      Total |      78 |      13 |  14.3 |      42 |       7 |  14.3
            +---------+---------+-------+---------+---------+-------
        D:1 |      41 |       0 |   0.0 |      24 |       0 |   0.0
        D:2 |      37 |       0 |   0.0 |      18 |       0 |   0.0
        D:3 |       0 |      13 | 100.0 |       0 |       7 | 100.0
            +---------+---------+-------+---------+---------+-------
